 Dungeon Crawl Stone Soup version 0.31-a0-833-gc15d34cb79 (webtiles) character file.

Game seed: 12705070980243057612

3 Bravepunisher the Ducker (level 1, -2/11 HPs)
             Began as a Spriggan Monk on Sept 25, 2023.
             Killed from afar by an orc wizard (8 damage)
             ... with a puff of flame
             ... on level 4 of the Dungeon.
             The game lasted 00:01:13 (487 turns).

Bravepunisher the Ducker (Spriggan Monk)             Turns: 487, Time: 00:01:13

Health: -2/11      AC:  2    Str:  7    XL:     1   Next: 41%
Magic:  2/2        EV: 18    Int: 11    God:
Gold:   27         SH:  0    Dex: 17    Spells: 0/0 levels left

rFire   . . .        g - +1 long sword (protect)
rCold   . . .        (no shield)
rNeg    . . .        b - +0 robe
rPois   .            (helmet restricted)
rElec   .            (no cloak)
rCorr   .            (gloves unavailable)
SInv    +            (boots unavailable)
Will    .....        (no amulet)
Stlth   +            (no ring)
HPRegen 0.21/turn    (no ring)
MPRegen 0.08/turn

%: no passive effects
@: confused, very quick
A: very small, no large weapons, unfitting armour, see invisible, speed 3
a: no special abilities


You were on level 4 of the Dungeon.
You visited 1 branch of the dungeon, and saw 4 of its levels.

You collected 27 gold pieces.

Inventory:

Hand Weapons
 a - a +0 short sword
 g - a +1 long sword of protection (weapon)
Armour
 b - a +0 robe (worn)
Scrolls
 d - a scroll of teleportation {unknown}
 e - a scroll of noise {unknown}
Potions
 c - a potion of ambrosia
 f - a potion of curing {unknown}


   Skills:
 * Level 2.5 Fighting
 - Level 3.2 Short Blades
 + Level 4.1 Dodging


You couldn't memorise any spells.
You didn't know any spells.
Your spell library was empty.

Dungeon Overview and Level Annotations

Branches:
Dungeon (4/15)
 Temple: D:4-7

Altars:


Innate Abilities, Weirdness & Mutations

You are very small and have problems with some larger weapons.
You are too small for most types of armour.
You have supernaturally acute eyesight. (SInv)
You cover ground extremely quickly. (Speed+++)


Message History

The adder attacks as it pursues you! The adder misses you.
The bat attacks as it pursues you! The bat misses you.
The bat hits you but does no damage. The adder attacks as it pursues you!
The adder misses you.
A ball python comes into view.
Found an orange potion.
The ball python hisses angrily.
Found a book of Armaments and 12 gold pieces.
The bat attacks as it pursues you! The bat completely misses you.
The bat hits you but does no damage. The bat attacks as it pursues you!
The bat closely misses you.
Found a glowing long sword.
The bat attacks as it pursues you! The bat closely misses you.
The bat hits you. The bat misses you. The bat completely misses you.
You see here a +1 long sword of protection.
g - a +1 long sword of protection The bat misses you.
Found a stone staircase leading up.
The bat hits you.
Your +1 long sword of protection hums with potential!
g - a +1 long sword of protection (weapon)
Found a stone staircase leading down.
The bat completely misses you.
Found 8 stones.
There is a stone staircase leading down here.
You climb downwards.
There is a stone staircase leading up here.
A dart slug comes into view.
The orc wizard gestures wildly while chanting.
The orc wizard flickers and vanishes for a moment.
The orc shouts!
Found 7 stones.
The orc wizard gestures at you while chanting.
The puff of flame hits you.
The orc wizard gestures at you while chanting.
You are confused.
The orc wizard gestures at you while chanting.
The puff of flame hits you!
Ouch! That really hurt!
You die...

##...# ##.....
.......##
........#
......(.#
.........##
...........#
..........@.#
#............#
##.......o....#
#......o.w.oo.#
..............#
..............#
..............#
#.............#
#.............#


You could see an orc wizard (invisible), a dart slug and 3 orcs.

Vanquished Creatures
  2 hobgoblins (D:1)
  A rat (D:1)
3 creatures vanquished.

Notes
Turn   | Place    | Note
-------+----------+-------------------------------------------
     0 | D:1      | Bravepunisher the Spriggan Monk began the quest for the
                  | Orb.
     0 | D:1      | Reached XP level 1. HP: 11/11 MP: 2/2
   325 | D:4      | Noticed an orc wizard
   487 | D:4      | Killed from afar by an orc wizard

Illustrated notes

Levels and vault maps discovered:
D:1:      minmay_arrival_wavy_path, layout_basic, serial_shops,
          nicolae_shop_tiny_statue_garden, minmay_pentomino_x4
D:2:      layout_basic, serial_bayou_lake_a
D:3:      cheibrodos_old_hovel, layout_basic, minmay_misc_feat_roman,
          supply_closet_lemuel, chequers_serial_rivers_marsh,
          chequers_arboretum, serial_bayou_pond_d
D:4:      layout_cave_pods, serial_shops, shop, minmay_gold_behind_fungi,
          uniq_duvessa

Action                     || total
---------------------------++-------
  Melee: Short sword       ||    18
 Armour: Robe              ||    12
  Dodge: Dodged            ||    24

Table legend: (Time is in decaauts)
 A = Elapsed time spent in this place.
 B = Non-inter-level travel time spent in this place.
 C = Inter-level travel time spent in this place.
 D = Time resting spent in this place.
 E = Time spent auto-exploring this place.
 F = Levels seen in this place.
 G = Mean time per level.
                   A        B        C        D        E       F      G
               +--------+--------+--------+--------+--------+-----+--------+
         Total |    332 |    332 |      0 |     21 |    193 |   4 |   83.0 |
       Dungeon |    332 |    332 |      0 |     21 |    193 |   4 |   83.0 |
               +--------+--------+--------+--------+--------+-----+--------+

Top non-repeatable levels by time:
     D:1: 180 daAuts
     D:3: 106 daAuts
     D:2: 22 daAuts
     D:4: 22 daAuts
